[Event "Titled Tuesday Blitz March 14 Early 2023"]
[White "Samaganova, Aleksandra"]
[Black "Goltsev, Dmitry"]
[WhiteFideId "13800221"]
[BlackFideId "24176710"]
[WhiteElo "1858"]
[BlackElo "2336"]
[Result "0-1"]
[Round "02"]
[TimeControl "180+2"]
[Date "2023.03.14"]
[WhiteClock "0:00:24"]
[BlackClock "0:00:36"]

1. c4 Nf6 2. Nc3 e5 3. Nf3 Nc6 4. a3 d5 5. cxd5 Nxd5 6. Qc2 Be6 7. e3 a6 8. b4 f6 9. Bb2 Be7 10. Be2 O-O 11. O-O Qd7 12. Rac1 Rad8 13. Rfd1 Nb6 14. d4 exd4 15. Nxd4 Nxd4 16. Rxd4 Qe8 17. Rcd1 Rxd4 18. Rxd4 Qf7 19. Bf3 c5 20. bxc5 Bxc5 21. Rd1 Bb3 22. Qd2 Bxd1 23. Qxd1 Kh8 24. h3 Qe7 25. Qb3 Rd8 26. Ne4 Rc8 27. Qd3 Na4 28. Ba1 Bxa3 29. Kh2 Bb2 30. Bxb2 Nxb2 31. Qb3 Nc4 32. Nc3 Nd2 33. Qb2 Nxf3+ 34. gxf3 Qe5+ 35. Kg2 Qxc3 0-1


[Site "https://www.chess.com"]

[Event "Titled Tuesday Blitz March 14 Early 2023"]
[White "Bas Mas, Jose Joaquin"]
[Black "Papasimakopoulos, Alexandros"]
[WhiteFideId "22219064"]
[BlackFideId "4244125"]
[WhiteElo "2233"]
[BlackElo "2359"]
[Result "1/2-1/2"]
[Round "02"]
[TimeControl "180+2"]
[Date "2023.03.14"]
[WhiteClock "0:00:29"]
[BlackClock "0:01:12"]

1. e4 e6 2. d4 d5 3. e5 a6 4. c3 Bd7 5. Nf3 Bb5 6. Nbd2 c5 7. a4 Bxf1 8. Kxf1 Nc6 9. h4 cxd4 10. cxd4 Nge7 11. h5 Nf5 12. Nb3 Be7 13. g4 Nh4 14. Nxh4 Bxh4 15. Kg2 Be7 16. Be3 f6 17. h6 g6 18. exf6 Bxf6 19. Nc5 Qe7 20. Ra3 O-O 21. Qd2 Rad8 22. Rb3 Rb8 23. Rc1 Qd6 24. Nxb7 Qc7 25. Nc5 Rxb3 26. Nxb3 Qd6 27. Bf4 e5 28. dxe5 Nxe5 29. Rd1 Rb8 30. Qxd5+ Qxd5+ 31. Rxd5 Rxb3 32. Bxe5 Bxe5 33. Rxe5 Rxb2 34. Re8+ Kf7 35. Rh8 g5 36. Rxh7+ Kg6 37. Ra7 Kxh6 38. Rxa6+ Kg7 39. Kg3 Rb3+ 40. f3 Rb2 41. a5 Ra2 42. Ra7+ Kg6 43. a6 Kh6 44. Ra8 Kg6 45. a7 Kg7 46. Kh3 Kh7 47. Kg3 Kg7 48. f4 Ra3+ 49. Kf2 gxf4 50. g5 Kh7 51. g6+ Kg7 52. Ke2 Re3+ 53. Kf2 Ra3 54. Kf1 Ra2 55. Ke1 Ra6 56. Kf2 Ra3 1/2-1/2


[Site "https://www.chess.com"]

[Event "Titled Tuesday Blitz March 14 Early 2023"]
[White "Kalajzic, Ivan"]
[Black "Dubov, Daniil"]
[WhiteFideId "14506378"]
[BlackFideId "24126055"]
[WhiteElo "2203"]
[BlackElo "2802"]
[Result "0-1"]
[Round "02"]
[TimeControl "180+2"]
[Date "2023.03.14"]
[WhiteClock "0:00:23"]
[BlackClock "0:01:49"]

1. b3 e5 2. Bb2 Nc6 3. e3 g6 4. Bb5 Nge7 5. Nf3 Bg7 6. d4 e4 7. Nfd2 f5 8. a3 O-O 9. Be2 d5 10. c4 f4 11. Bg4 fxe3 12. fxe3 Bxg4 13. Qxg4 Nf5 14. Nf1 dxc4 15. bxc4 Ncxd4 16. exd4 Bxd4 17. Nc3 Qf6 18. Nxe4 Bf2+ 19. Kxf2 Qxb2+ 20. Kg1 Qxa1 21. h4 Qxf1+ 0-1


[Site "https://www.chess.com"]

[Event "Titled Tuesday Blitz March 14 Early 2023"]
[White "Cheng, Xiao"]
[Black "Daneshvar, Bardiya"]
[WhiteFideId "2022915"]
[BlackFideId "12576468"]
[WhiteElo "2459"]
[BlackElo "2468"]
[Result "0-1"]
[Round "02"]
[TimeControl "180+2"]
[Date "2023.03.14"]
[WhiteClock "0:00:52"]
[BlackClock "0:01:32"]

1. e4 b6 2. d4 Bb7 3. Bd3 Nf6 4. Qe2 Nc6 5. c3 e5 6. d5 Ne7 7. h4 d6 8. h5 c6 9. c4 Nd7 10. h6 g6 11. Bg5 f6 12. Bh4 g5 13. Bg3 Ng6 14. Nc3 Qe7 15. Qd2 Nf4 16. Bxf4 exf4 17. Nf3 c5 18. O-O-O Ne5 19. Nxe5 fxe5 20. Qe2 Qf6 21. Rh5 Rg8 22. Rdh1 Be7 23. Nb5 Bd8 24. g4 a6 25. Nc3 f3 26. Qe3 Bc8 27. Rg1 Rf8 28. Nb1 Qf4 29. Kd2 Bxg4 30. Rh2 Qxh2 31. Rxg4 Rf4 32. Rxf4 Qxf4 33. Nc3 Qxe3+ 34. Kxe3 g4 35. a3 Bg5# 0-1


[Site "https://www.chess.com"]

[Event "Titled Tuesday Blitz March 14 Early 2023"]
[White "Mortazavi, Ali"]
[Black "Steinberg, Nitzan"]
[WhiteFideId "401323"]
[BlackFideId "2801795"]
[WhiteElo "2339"]
[BlackElo "2486"]
[Result "0-1"]
[Round "02"]
[TimeControl "180+2"]
[Date "2023.03.14"]
[WhiteClock "0:00:19"]
[BlackClock "0:00:17"]

1. e4 c5 2. Nc3 e6 3. Nf3 Nc6 4. g3 Qc7 5. Bg2 Nf6 6. O-O a6 7. a4 Be7 8. Re1 d6 9. d3 h6 10. Bf4 e5 11. Bd2 Be6 12. a5 O-O 13. Na4 Nxa5 14. Nxc5 dxc5 15. Bxa5 b6 16. Bc3 Nd7 17. b3 Bf6 18. h3 Nb8 19. Nh2 Nc6 20. Ng4 Be7 21. Ne3 Rfd8 22. Nd5 Qb7 23. Rf1 Bd6 24. f4 exf4 25. gxf4 Nd4 26. Ne3 Qc8 27. e5 Be7 28. Bxa8 Qxa8 29. Bxd4 cxd4 30. Ng4 Bf5 31. Qf3 Qc8 32. Qg2 Kh7 33. Rac1 Bb4 34. Kh2 h5 35. Nf2 Bd2 36. Rcd1 Bxf4+ 37. Kh1 Bxe5 38. Rg1 h4 39. Qf3 g6 40. Rde1 Bg3 41. Re7 Rd7 42. Re2 Rd6 43. Ne4 Bxe4 0-1


[Site "https://www.chess.com"]

[Event "Titled Tuesday Blitz March 14 Early 2023"]
[White "Terry, Renato"]
[Black "Miszler, Levente"]
[WhiteFideId "3803457"]
[BlackFideId "763276"]
[WhiteElo "2579"]
[BlackElo "2176"]
[Result "1-0"]
[Round "02"]
[TimeControl "180+2"]
[Date "2023.03.14"]
[WhiteClock "0:00:02"]
[BlackClock "0:00:05"]

1. e4 e6 2. d4 d5 3. exd5 exd5 4. Nf3 Nf6 5. Bd3 Bd6 6. O-O O-O 7. h3 h6 8. Re1 Be6 9. c3 Nbd7 10. Nbd2 Re8 11. Nf1 c5 12. Be3 Rc8 13. Ng3 Bxg3 14. fxg3 Ne4 15. g4 cxd4 16. Bxd4 Ndc5 17. Bf1 Ng3 18. Bb5 Re7 19. g5 a6 20. Bf1 Nxf1 21. Rxf1 hxg5 22. Nxg5 Ne4 23. Qh5 f6 24. Qh7+ Kf8 25. Nxe4 dxe4 26. Rad1 Bg8 27. Qg6 Bf7 28. Qh7 Bg8 29. Qh4 Qe8 30. Bxf6 Rf7 31. Bd4 e3 32. Rxf7+ Bxf7 33. Re1 Kg8 34. Rxe3 Qb5 35. Rg3 Qd5 36. Rxg7+ Kf8 37. Qh8+ Bg8 38. Qh6 Rc6 39. Rg6+ Ke8 40. Rxc6 bxc6 41. Qg6+ Bf7 42. Qb1 Qxa2 43. Qe1+ Kf8 44. Qf2 Qb1+ 45. Kh2 Qe4 46. Qg3 Ke8 47. Qb8+ Ke7 48. Qc7+ Ke8 49. Qc8+ Ke7 50. Qb7+ Ke6 51. Qb8 Kf5 52. Qg3 Bd5 53. Qg7 Qf4+ 54. Qg3 Qf1 55. Qg4# 1-0


[Site "https://www.chess.com"]

[Event "Titled Tuesday Blitz March 14 Early 2023"]
[White "Jovic, Stanoje"]
[Black "Acor, Corey"]
[WhiteFideId "905020"]
[BlackFideId "2024861"]
[WhiteElo "2236"]
[BlackElo "2341"]
[Result "0-1"]
[Round "02"]
[TimeControl "180+2"]
[Date "2023.03.14"]
[WhiteClock "0:00:05"]
[BlackClock "0:00:49"]

1. c4 e5 2. g3 Nc6 3. Bg2 g6 4. Nc3 Bg7 5. Nf3 d6 6. O-O Be6 7. d3 h6 8. Rb1 f5 9. Nd5 Nf6 10. e4 fxe4 11. dxe4 O-O 12. b4 Kh7 13. b5 Ne7 14. h3 Nxe4 15. Nxe5 Bxd5 16. cxd5 Nc3 17. Qd3 Nxb1 18. Nc4 Nc3 19. Bb2 Na4 20. Bxg7 Kxg7 21. Re1 Nc5 22. Qd4+ Kh7 23. g4 Ng8 24. Re2 Qf6 25. Qd2 Rae8 26. Ne3 Qf4 27. Qc2 Nf6 28. Rd2 Nfe4 29. Bxe4 Nxe4 30. Re2 Nxf2 0-1


[Site "https://www.chess.com"]

[Event "Titled Tuesday Blitz March 14 Early 2023"]
[White "Mitrabha, Guha"]
[Black "Senft, Sean"]
[WhiteFideId "5057000"]
[BlackFideId "2044960"]
[WhiteElo "2507"]
[BlackElo "1989"]
[Result "1-0"]
[Round "02"]
[TimeControl "180+2"]
[Date "2023.03.14"]
[WhiteClock "0:01:10"]
[BlackClock "0:00:08"]

1. e4 e5 2. Nf3 Nc6 3. Nc3 Nf6 4. Bb5 d6 5. O-O Be7 6. d4 exd4 7. Nxd4 Bd7 8. Nf5 O-O 9. Nxe7+ Qxe7 10. Bg5 Qe5 11. f4 Qc5+ 12. Kh1 Ng4 13. Qd2 a6 14. Bd3 f5 15. Rae1 Nb4 16. h3 Nxd3 17. Qxd3 Nf6 18. e5 Ne4 19. Nxe4 fxe4 20. Qxe4 Bf5 21. Qxb7 Rab8 22. Qxa6 Rxb2 23. e6 Qxc2 24. Rg1 Bxh3 25. Qf1 Re8 26. e7 Bd7 27. Rc1 Qg6 28. Qf3 c5 29. Rgd1 d5 30. Qxd5+ Kh8 31. Qxd7 Qh5+ 32. Qh3 1-0


[Site "https://www.chess.com"]

[Event "Titled Tuesday Blitz March 14 Early 2023"]
[White "Bilan, Danila"]
[Black "Pakleza, Zbigniew"]
[WhiteFideId "24161918"]
[BlackFideId "1119290"]
[WhiteElo "2182"]
[BlackElo "2410"]
[Result "0-1"]
[Round "02"]
[TimeControl "180+2"]
[Date "2023.03.14"]
[WhiteClock "0:00:02"]
[BlackClock "0:00:55"]

1. d4 d6 2. Nf3 Bg4 3. e4 Nf6 4. Nc3 e6 5. Bg5 Be7 6. Be2 Bh5 7. Qd2 d5 8. e5 Nfd7 9. Bxe7 Qxe7 10. O-O O-O 11. Qf4 a6 12. Nd1 c5 13. c3 Nc6 14. Ne3 Rfc8 15. Rac1 Bxf3 16. gxf3 cxd4 17. cxd4 Qb4 18. Rfd1 Ncxe5 19. a3 Ng6 20. Qxf7+ Kxf7 21. axb4 Nf4 22. Bf1 Ke7 23. b5 a5 24. Ng4 Kd6 25. Re1 h5 26. Ne5 Nxe5 27. dxe5+ Ke7 28. h4 Ng6 29. Kh2 Nxh4 30. Kg3 Nf5+ 31. Kf4 Rg8 32. Kg5 Rac8 33. Bd3 Nd4 34. Kxh5 Nxf3 35. Rxc8 Rxc8 36. Re3 Rf8 37. Kg6 Nh4+ 38. Kh7 Rxf2 39. Kxg7 Rf3 40. Rxf3 Nxf3 41. Be2 Nxe5 0-1


[Site "https://www.chess.com"]

[Event "Titled Tuesday Blitz March 14 Early 2023"]
[White "Matutururu, Maxman"]
[Black "Skvortsov, Andrei"]
[WhiteFideId "11004487"]
[BlackFideId "24108600"]
[WhiteElo "2442"]
[BlackElo "2259"]
[Result "0-1"]
[Round "02"]
[TimeControl "180+2"]
[Date "2023.03.14"]
[WhiteClock "0:01:31"]
[BlackClock "0:00:52"]

1. d4 d5 2. c4 c6 3. Nc3 Nf6 4. e3 a6 5. Nf3 b5 6. b3 Bg4 7. Be2 Nbd7 8. O-O e6 9. h3 Bh5 10. Bb2 Bd6 11. Ne5 Bxe2 12. Nxe2 Bxe5 13. dxe5 Ne4 14. Nd4 Nxe5 15. Nxe6 fxe6 16. Bxe5 O-O 17. Qg4 Qe7 18. Rad1 Rf5 19. Ba1 Raf8 20. cxd5 exd5 21. f3 Rg5 22. fxe4 Rxg4 23. hxg4 Rxf1+ 24. Rxf1 Qxe4 25. Bd4 Qxg4 26. Bc5 h6 27. Rf3 Qg6 28. Bd4 Qb1+ 29. Kh2 Qxa2 30. Rg3 g5 31. Rh3 Kh7 32. Rf3 Qxb3 33. Rf7+ Kg8 34. Rg7+ Kf8 35. Rc7 Qc2 36. Bg7+ Ke8 37. Bxh6 Qg6 38. Bg7 Qd6+ 0-1


[Site "https://www.chess.com"]

[Event "Titled Tuesday Blitz March 14 Early 2023"]
[White "Deepan Chakkravarthy J."]
[Black "Barria Santos, Jose Guilherme"]
[WhiteFideId "5011132"]
[BlackFideId "1939300"]
[WhiteElo "2367"]
[BlackElo "2301"]
[Result "1-0"]
[Round "02"]
[TimeControl "180+2"]
[Date "2023.03.14"]
[WhiteClock "0:00:39"]
[BlackClock "0:00:14"]

1. Nf3 Nf6 2. g3 g6 3. Bg2 Bg7 4. O-O O-O 5. d4 d6 6. Nc3 Nc6 7. e4 e5 8. h3 exd4 9. Nxd4 Nxd4 10. Qxd4 Re8 11. Qd3 Nd7 12. Re1 Nc5 13. Qd1 Be6 14. Nd5 Qd7 15. Nf4 Bc4 16. c3 Ne6 17. Nd5 Bxd5 18. exd5 Nc5 19. Be3 b6 20. a4 a5 21. Bf1 Qe7 22. Bb5 Nd7 23. Bd2 Qd8 24. Rxe8+ Qxe8 25. Qg4 f5 26. Qc4 Rc8 27. Re1 Qf7 28. f4 Nf6 29. Re6 Ne4 30. Be1 Nc5 31. b4 axb4 32. cxb4 Nxe6 33. dxe6 Qe7 34. Bd7 Ra8 35. Qxc7 Bd4+ 36. Kg2 Rd8 37. a5 bxa5 38. bxa5 Qf6 39. a6 Bc5 40. h4 Qb2+ 41. Kh3 Ra8 42. Bc6 Bg1 43. Qf7+ Kh8 44. Bc3+ Qxc3 45. Bxa8 Qb2 46. Qf8# 1-0


[Site "https://www.chess.com"]

[Event "Titled Tuesday Blitz March 14 Early 2023"]
[White "Atakhan, Abtin"]
[Black "Silva, Caio Henrique Angelico"]
[WhiteFideId "22502203"]
[BlackFideId "22777210"]
[WhiteElo "2008"]
[BlackElo "2096"]
[Result "1-0"]
[Round "02"]
[TimeControl "180+2"]
[Date "2023.03.14"]
[WhiteClock "0:00:44"]
[BlackClock "0:00:49"]

1. c4 e5 2. Nc3 Nf6 3. Nf3 Nc6 4. e4 Bb4 5. d3 d6 6. a3 Ba5 7. b4 Bb6 8. Be3 O-O 9. Be2 Bxe3 10. fxe3 Ng4 11. Qd2 f5 12. h3 fxe4 13. Nxe4 Nf6 14. Nxf6+ Qxf6 15. O-O Bd7 16. b5 Ne7 17. d4 exd4 18. exd4 Qg6 19. Bd3 Qg3 20. Qe1 Qxe1 21. Raxe1 Rae8 22. Ng5 Rxf1+ 23. Kxf1 g6 24. Kg1 Kg7 25. a4 h6 26. Ne6+ Bxe6 27. Rxe6 Kf7 28. Re1 Rd8 29. a5 Ng8 30. Be4 b6 31. Bd5+ Kf8 32. Rf1+ Ke8 33. axb6 axb6 34. Bxg8 Ke7 35. Bd5 g5 36. Rf7+ 1-0


[Site "https://www.chess.com"]

[Event "Titled Tuesday Blitz March 14 Early 2023"]
[White "Zamorano, Jorge"]
[Black "Jiang, Andrew"]
[WhiteFideId "173770"]
[BlackFideId "30953510"]
[WhiteElo "2331"]
[BlackElo "1883"]
[Result "1-0"]
[Round "02"]
[TimeControl "180+2"]
[Date "2023.03.14"]
[WhiteClock "0:01:11"]
[BlackClock "0:00:20"]

1. e4 e5 2. g3 d5 3. Nc3 d4 4. Nce2 f5 5. d3 fxe4 6. dxe4 Nf6 7. Bg2 Bb4+ 8. Bd2 Bxd2+ 9. Qxd2 Be6 10. f4 O-O 11. fxe5 Ng4 12. Nf4 Qd7 13. Bh3 Nc6 14. Nf3 Rae8 15. O-O-O Bxa2 16. b3 Ncxe5 17. Nxe5 Rxe5 18. Kb2 a5 19. Kxa2 a4 20. Kb2 axb3 21. cxb3 Rb5 22. Bxg4 Qxg4 23. Qxd4 Ra8 24. Qc4+ 1-0


[Site "https://www.chess.com"]

[Event "Titled Tuesday Blitz March 14 Early 2023"]
[White "Kvaloy, Aksel Bu"]
[Black "Rosenberg, Evan S"]
[WhiteFideId "1528815"]
[BlackFideId "2019299"]
[WhiteElo "2208"]
[BlackElo "2427"]
[Result "1-0"]
[Round "02"]
[TimeControl "180+2"]
[Date "2023.03.14"]
[WhiteClock "0:00:45"]
[BlackClock "0:00:05"]

1. d4 d5 2. c4 e6 3. Nf3 c5 4. cxd5 exd5 5. g3 Nf6 6. Bg2 Nc6 7. O-O Be7 8. Nc3 O-O 9. dxc5 Bxc5 10. Bg5 d4 11. Na4 Be7 12. Rc1 h6 13. Bxf6 Bxf6 14. Nc5 Re8 15. a3 a5 16. Qd3 a4 17. Rfd1 Ra5 18. Ne4 Bf5 19. Nxf6+ Qxf6 20. Qd2 Rb5 21. Nxd4 Nxd4 22. Qxd4 Qxd4 23. Rxd4 Rxb2 24. e3 b5 25. h4 Be6 26. Bf1 Rb8 27. Rc3 Rb1 28. Kg2 Bh3+ 29. Kxh3 Rxf1 30. Kg2 Rb1 31. Rd7 b4 32. axb4 R1xb4 33. Rcc7 Rf8 34. Ra7 g5 35. h5 g4 36. Kf1 Rb1+ 37. Ke2 Ra1 38. Rd4 f5 39. Rdxa4 Rh1 40. R7a5 Rxh5 41. Rxg4+ Rg5 42. Rf4 Kg7 43. Kf3 Rf6 44. Rd4 Kg6 45. Ra8 Kg7 46. Rd7+ Rf7 47. Raa7 Rxd7 48. Rxd7+ Kg6 49. Rd6+ Kg7 50. Kf4 Rh5 51. f3 Kf7 52. Ra6 Kg7 53. Ra5 Kf6 54. g4 Rg5 55. Rxf5+ Rxf5+ 56. gxf5 h5 57. e4 h4 58. Kg4 h3 59. Kxh3 1-0


[Site "https://www.chess.com"]

[Event "Titled Tuesday Blitz March 14 Early 2023"]
[White "Maatman, Nick"]
[Black "Pourkashiyan, Atousa"]
[WhiteFideId "1040391"]
[BlackFideId "12502014"]
[WhiteElo "2688"]
[BlackElo "2228"]
[Result "1-0"]
[Round "02"]
[TimeControl "180+2"]
[Date "2023.03.14"]
[WhiteClock "0:00:12"]
[BlackClock "0:00:01"]

1. d4 Nf6 2. c4 e6 3. g3 d5 4. Nf3 dxc4 5. Bg2 Nbd7 6. O-O c6 7. a4 a5 8. Qc2 b5 9. Bg5 Be7 10. Na3 Bxa3 11. bxa3 h6 12. Bxf6 Nxf6 13. Ne5 Nd5 14. Nxc6 Qb6 15. axb5 Qxb5 16. Ne5 O-O 17. Rab1 Qe8 18. Nxc4 Ba6 19. Nb6 Nxb6 20. Rxb6 Rc8 21. Bc6 Bxe2 22. Rc1 Qd8 23. Qb2 Bd3 24. Rb7 Rb8 25. Rxb8 Qxb8 26. Qxb8 Rxb8 27. Rc5 a4 28. Bxa4 Be4 29. Rc1 Ra8 30. Rc4 Bd5 31. Rb4 Rc8 32. Kf1 Rc1+ 33. Ke2 Ra1 34. Rb8+ Kh7 35. Bc2+ g6 36. a4 Ra2 37. Kd3 Ra3+ 38. Kd2 Ra2 39. Kc3 Ra3+ 40. Kb2 Rf3 41. a5 Rxf2 42. a6 Rxh2 43. a7 Be4 44. Rc8 h5 45. Kb3 Bd5+ 46. Kb4 Rg2 47. Bb3 Be4 48. d5 1-0


[Site "https://www.chess.com"]

[Event "Titled Tuesday Blitz March 14 Early 2023"]
[White "Agasarov, Benik"]
[Black "Staudenhocker43"]
[WhiteFideId "13314823"]
[WhiteElo "2179"]
[BlackElo "2409"]
[Result "0-1"]
[Round "02"]
[TimeControl "180+2"]
[Date "2023.03.14"]
[WhiteClock "0:00:03"]
[BlackClock "0:00:16"]

1. d4 Nf6 2. Nf3 g6 3. c4 Bg7 4. Nc3 O-O 5. g3 d6 6. Bg2 c5 7. O-O Nc6 8. d5 Na5 9. Nd2 e6 10. Qc2 Re8 11. b3 exd5 12. cxd5 a6 13. a4 Rb8 14. Bb2 b5 15. axb5 axb5 16. Nce4 Bf5 17. Nxf6+ Bxf6 18. Bxf6 Bxc2 19. Bxd8 Nxb3 20. Nxb3 Rbxd8 21. Na5 Rxe2 22. Rfe1 Rxe1+ 23. Rxe1 b4 24. Nc6 Ra8 25. Be4 Bxe4 26. Nxb4 cxb4 27. Rxe4 Rb8 28. Re2 b3 29. Rb2 Kg7 30. f4 Kf6 31. Kf2 Kf5 32. Kf3 h5 33. h3 Rb4 34. g4+ hxg4+ 35. hxg4+ Kf6 36. Ke3 g5 37. fxg5+ Kxg5 38. Kf3 Kf6 39. Ke3 Ke5 40. Kd2 Kxd5 41. Kc3 Rb7 42. Rd2+ Ke4 43. Kb2 d5 44. g5 d4 45. Rg2 d3 46. g6 fxg6 47. Rxg6 d2 48. Rd6 Ke3 49. Rd8 Ke2 50. Re8+ Kd1 51. Re4 Rb5 52. Re8 Rh5 53. Kxb3 Rb5+ 54. Kc4 Kc2 55. Kxb5 d1=Q 56. Kc6 Kc3 57. Re5 Qg4 58. Kd6 Qf4 59. Ke6 Kd4 60. Ra5 Qh6+ 61. Kf7 Qc6 62. Rh5 Ke4 63. Rh1 Qd5+ 64. Ke7 Qe5+ 65. Kd8 Qg5+ 66. Kd7 Kd5 67. Rd1+ Kc5 68. Rf1 Qg4+ 69. Ke7 Qe2+ 0-1


[Site "https://www.chess.com"]

[Event "Titled Tuesday Blitz March 14 Early 2023"]
[White "Starozhilov, Leonid"]
[Black "Hoffmann, Asa"]
[WhiteFideId "14106752"]
[BlackFideId "2001470"]
[WhiteElo "2402"]
[BlackElo "2117"]
[Result "1-0"]
[Round "02"]
[TimeControl "180+2"]
[Date "2023.03.14"]
[WhiteClock "0:01:22"]
[BlackClock "0:01:12"]

1. e4 d6 2. d4 Nf6 3. Nc3 c6 4. f4 Qa5 5. Bd3 e5 6. Nf3 exd4 7. Nxd4 Qb6 8. Nf3 Be7 9. Qe2 O-O 10. Qf2 d5 11. Qxb6 axb6 12. exd5 Nxd5 13. Nxd5 cxd5 14. Be3 Bc5 15. Kd2 Nc6 16. c3 Bxe3+ 17. Kxe3 Re8+ 18. Kd2 Bg4 19. Rhf1 Bxf3 20. Rxf3 h6 21. a3 Na5 22. Kc2 Nc4 23. Bxc4 dxc4 24. Rd1 Re2+ 25. Rd2 Rae8 26. f5 b5 27. Rf4 f6 28. Rd4 R8e5 29. g4 Kf8 30. Rd8+ Kf7 31. Rd7+ Re7 32. Rxe7+ Rxe7 33. Rd5 Re2+ 34. Kc1 Rxh2 35. Rxb5 Rg2 36. Rxb7+ Kf8 37. a4 Rxg4 38. a5 Re4 39. a6 1-0


[Site "https://www.chess.com"]

[Event "Titled Tuesday Blitz March 14 Early 2023"]
[White "Matinian, Nikita"]
[Black "Bochnicka, Vladimir"]
[WhiteFideId "24129100"]
[BlackFideId "14943450"]
[WhiteElo "2422"]
[BlackElo "2094"]
[Result "1-0"]
[Round "02"]
[TimeControl "180+2"]
[Date "2023.03.14"]
[WhiteClock "0:00:56"]
[BlackClock "0:01:05"]

1. e4 c5 2. Nf3 Nc6 3. Bb5 e6 4. c3 Nge7 5. d4 cxd4 6. cxd4 d5 7. e5 a6 8. Ba4 Bd7 9. Nc3 Ng6 10. h4 Be7 11. h5 Nf8 12. h6 g6 13. Be3 Na5 14. Bb3 Rc8 15. O-O b5 16. Nh2 g5 17. Qh5 Ng6 18. Ng4 Nf4 19. Bxf4 gxf4 20. Nxd5 exd5 21. Bxd5 Bxg4 22. Bxf7+ Kf8 23. Qxg4 Kxf7 24. e6+ Kf8 25. Qg7+ 1-0


[Site "https://www.chess.com"]

[Event "Titled Tuesday Blitz March 14 Early 2023"]
[White "aidenzhouu"]
[Black "Mohammad Fahad, Rahman"]
[BlackFideId "10207791"]
[WhiteElo "2403"]
[BlackElo "2323"]
[Result "1-0"]
[Round "02"]
[TimeControl "180+2"]
[Date "2023.03.14"]
[WhiteClock "0:00:12"]
[BlackClock "0:00:19"]

1. d4 d5 2. c4 c6 3. Nf3 Nf6 4. e3 Bf5 5. Nc3 e6 6. Nh4 Be4 7. f3 Bg6 8. Qb3 Qc7 9. g3 Nbd7 10. Bd2 Bd6 11. Kf2 O-O 12. Rc1 dxc4 13. Bxc4 e5 14. Nxg6 hxg6 15. dxe5 Nxe5 16. Be2 Qe7 17. Kg2 Rad8 18. Rhd1 Rfe8 19. e4 Bc5 20. Bf4 Bd4 21. Rd2 a6 22. Rcd1 c5 23. Bf1 Nxf3 24. Kxf3 Nxe4 25. Re2 Ng5+ 26. Kg2 Qf6 27. Nd5 Rxe2+ 28. Bxe2 Qf5 29. Ne7+ Kh7 30. Nxf5 Ne6 31. Nd6 Nxf4+ 32. gxf4 Rxd6 33. Qxf7 Rf6 34. Qd7 Rxf4 35. Bf3 g5 36. Qh3+ Kg6 37. Qe6+ Kh7 38. Be4+ Kh8 39. Qe8+ 1-0


[Site "https://www.chess.com"]

[Event "Titled Tuesday Blitz March 14 Early 2023"]
[White "Shuvalova, Polina"]
[Black "Avazkhonov, Alikhon"]
[WhiteFideId "24171760"]
[BlackFideId "14208504"]
[WhiteElo "2297"]
[BlackElo "1739"]
[Result "1-0"]
[Round "02"]
[TimeControl "180+2"]
[Date "2023.03.14"]
[WhiteClock "0:01:51"]
[BlackClock "0:00:01"]

1. d4 Nf6 2. Nf3 e6 3. Bf4 d5 4. e3 Bd6 5. Nbd2 O-O 6. Bd3 c5 7. O-O Nc6 8. c3 b6 9. Qe2 Bb7 10. Bg3 a5 11. a4 Qc7 12. Bb5 Bxg3 13. hxg3 Ne7 14. Ne5 Ne4 15. g4 f6 16. Nd3 Nxd2 17. Qxd2 Ng6 18. Nf4 Nxf4 19. exf4 e5 20. f5 cxd4 21. cxd4 e4 22. Rac1 Qd6 23. Rc3 Rac8 24. Rfc1 Rxc3 25. Rxc3 Qb4 26. g3 e3 27. Qxe3 Qxb2 28. Rc7 Qb1+ 29. Kh2 1-0


[Site "https://www.chess.com"]

[Event "Titled Tuesday Blitz March 14 Early 2023"]
[White "Leve, Nitai"]
[Black "Sadubayev, Airat"]
[WhiteFideId "2006898"]
[BlackFideId "13713264"]
[WhiteElo "2144"]
[BlackElo "2129"]
[Result "1-0"]
[Round "02"]
[TimeControl "180+2"]
[Date "2023.03.14"]
[WhiteClock "0:02:02"]
[BlackClock "0:00:03"]

1. e4 c6 2. d4 d5 3. exd5 cxd5 4. c4 Nf6 5. Nc3 e6 6. Nf3 Bb4 7. cxd5 Nxd5 8. Qc2 O-O 9. Bd3 h6 10. O-O Nc6 11. a3 Be7 12. Qe2 Nf6 13. Ne4 Nxd4 14. Nxf6+ Bxf6 15. Qe4 Re8 16. Nxd4 Qxd4 17. Qh7+ Kf8 18. Be3 Qd5 19. Be4 Qd6 20. Rfd1 Qc7 21. Rac1 Qa5 22. b4 Qb5 23. Bc5+ Qxc5 24. Rxc5 Ke7 25. Rc7+ Kf8 26. Qh8# 1-0


[Site "https://www.chess.com"]

[Event "Titled Tuesday Blitz March 14 Early 2023"]
[White "littlepillow2010"]
[Black "Jia, Haoxiang"]
[BlackFideId "8602999"]
[WhiteElo "2384"]
[BlackElo "2617"]
[Result "0-1"]
[Round "02"]
[TimeControl "180+2"]
[Date "2023.03.14"]
[WhiteClock "0:00:02"]
[BlackClock "0:00:15"]

1. e4 c5 2. Nf3 d6 3. d4 cxd4 4. Nxd4 Nf6 5. Nc3 g6 6. Be3 Bg7 7. f3 O-O 8. Qd2 Nc6 9. O-O-O d5 10. exd5 Nxd5 11. Nxc6 bxc6 12. Nxd5 cxd5 13. Qxd5 Qc7 14. Qc5 Qb7 15. b3 Bf5 16. Bd3 Rfc8 17. Qa5 Bc3 18. Qb5 Qxb5 19. Bxb5 a5 20. a4 Bb4 21. Bd3 Be6 22. Kb2 Rab8 23. Bd4 f6 24. Bb5 Kf7 25. c3 Bd6 26. g3 h5 27. Rhe1 h4 28. f4 Bg4 29. Rd2 hxg3 30. hxg3 Rh8 31. Bc4+ Kg7 32. Be6 Bf3 33. Re3 Bc6 34. Kc2 Rh1 35. Rf2 Rbh8 36. Kd3 Rd1+ 37. Rd2 Rb1 38. Ree2 Bb7 39. Ke3 Rh3 40. Kf2 Rhh1 41. Ke3 Rhf1 42. Rf2 Rfe1+ 43. Rde2 Ba6 44. Rxe1 Rxe1+ 45. Kd2 Rxe6 46. c4 Bb4+ 47. Kc2 Bb7 48. Bc3 Be4+ 49. Kb2 Bxc3+ 50. Kxc3 Rd6 51. c5 Rd3+ 52. Kc4 Rxg3 53. b4 axb4 54. Kxb4 Bc6 55. a5 g5 56. a6 gxf4 57. Rxf4 Rg1 58. a7 Rb1+ 59. Ka5 Kf7 60. Ka6 Ke6 61. Rd4 f5 62. Rd8 f4 63. Rb8 Ra1+ 64. Kb6 Be4 65. c6 Bxc6 66. Kxc6 Rxa7 67. Rb4 Kf5 68. Rb1 e5 69. Kd6 Ra5 70. Re1 f3 0-1


[Site "https://www.chess.com"]

[Event "Titled Tuesday Blitz March 14 Early 2023"]
[White "Rosen, Eric"]
[Black "Kraus, Tomas"]
[WhiteFideId "2032562"]
[BlackFideId "331708"]
[WhiteElo "2331"]
[BlackElo "2389"]
[Result "0-1"]
[Round "02"]
[TimeControl "180+2"]
[Date "2023.03.14"]
[WhiteClock "0:00:01"]
[BlackClock "0:00:24"]

1. d4 Nf6 2. Bf4 d6 3. Nc3 g6 4. e4 Bg7 5. Qd2 Nbd7 6. O-O-O O-O 7. e5 Nh5 8. Bh6 dxe5 9. dxe5 Bxe5 10. Bxf8 Bf4 11. Qxf4 Nxf4 12. Bh6 Ne6 13. Nf3 Qe8 14. Bc4 Nf6 15. h3 c6 16. Rhe1 b5 17. Bb3 a5 18. a4 Nc5 19. Bg5 Nxb3+ 20. cxb3 Qf8 21. Nd4 b4 22. Nxc6 Be6 23. Nb5 h6 24. Bxf6 exf6 25. Nd6 Bxb3 26. Rd3 Be6 27. Kb1 Bf5 28. Nxf5 gxf5 29. Ne7+ Kh7 30. Nd5 Qd6 31. Red1 Rd8 32. b3 Qe5 33. R1d2 Qe4 34. f3 Qe5 35. f4 Qe1+ 36. Kb2 Rc8 37. Rc2 Rxc2+ 38. Kxc2 Qe2+ 39. Rd2 Qe4+ 40. Kd1 Qb1+ 41. Ke2 Qxb3 42. Ne3 Qxa4 43. Nxf5 Qb5+ 44. Ke3 Qxf5 45. g4 Qe6+ 46. Kf2 b3 47. f5 Qb6+ 48. Kg3 b2 49. Kh4 b1=Q 50. Kh5 Qe1 51. Rh2 Qg3 52. Rh1 Qbe3 53. h4 Qxh4+ 54. Kxh4 Qf2+ 55. Kh3 Qf3+ 56. Kh2 Qxh1+ 57. Kxh1 h5 0-1


[Site "https://www.chess.com"]